Map: Beckett Industries LE

Players

THECHINO

  • Race: Protoss Protoss

Throwfordays - Winner!

  • Race: Protoss Protoss
  • League: Gold

VOD

Have the link to the VOD?

Description

Time

  • Played on: June 23, 2021, 2:24 a.m.
  • Length: 2:13
Show
View Real Time Build Order
Export as new Build Order

THECHINO Protoss 

Build Orders:  

Get SALT Encoding   

  12  0:01  Probe  
  13  0:24  Pylon, Probe  
  14  0:36  Probe  
  15  0:48  Probe  
  16  1:00  Probe  
  17  1:13  Probe  
  18  1:19  Gateway  
  18  1:23  Forge  
  18  1:25  Probe  
  18  1:49  Pylon, Probe  
Show
View Real Time Build Order
Export as new Build Order

Throwfordays Protoss - Winner!

Build Orders: Cannon Rush 

Get SALT Encoding   

  12  0:01  Probe  
  13  0:13  Probe  
  14  0:17  Pylon  
  14  0:26  Probe (Chrono Boost)  
  15  0:37  Probe (Chrono Boost)  
  15  0:42  Probe (Chrono Boost)  
  16  0:43  Forge  
  17  0:56  Pylon  
  17  1:17  Pylon  
  17  1:27  Photon Cannon  
  17  1:38  Photon Cannon  
  17  1:47  Photon Cannon  
  17  1:49  Pylon  
  17  1:58  Photon Cannon  
  17  2:03  Photon Cannon  
  17  2:10  Pylon  
Tags
 
League
Gold
Matchup
PvP
Replay Pack
Multiplayer
Add a new tag
Caveats
  • Supply blocks, unpowered buildings, or Contaminate may cause inaccurate times.
  • Supply counts are checked every 10 seconds.